 Dungeon Crawl Stone Soup version 0.28.0-45-g0d030f2227 (webtiles) character file.

Game seed: 4968913165464882574

485 MisterFreud the Ruffian (level 6, -16/52 HPs)
             Began as a Draconian Transmuter on Apr 17, 2022.
             Demolished by a two-headed ogre
             ... wielding a +0 dire flail
              (19 damage)
             ... on level 6 of the Dungeon.
             The game lasted 00:04:22 (2903 turns).

MisterFreud the Ruffian (Draconian Transmuter)      Turns: 2903, Time: 00:04:23

Health: -16/52     AC:  2    Str: 13    XL:     6   Next: 88%
Magic:  3/9        EV: 19    Int: 15    God:
Gold:   117        SH:  0    Dex: 16    Spells: 4/9 levels left

rFire   . . .      SeeInvis .     - Unarmed
rCold   . . .      Faith    .   (shield currently unavailable)
rNeg    . . .      Spirit   .   (armour unavailable)
rPois   x          Reflect  .   (helmet currently unavailable)
rElec   .          Harm     .   (cloak currently unavailable)
rCorr   .          Rampage  .   (gloves currently unavailable)
Will    .....                   (boots currently unavailable)
Stlth   +.........              (no amulet)
HPRegen 0.17/turn               l - ring of wizardry
MPRegen 0.11/turn               (no ring)

@: spider-form (expiring)
A: venomous fangs, AC +6, tiny, unfitting armour, (cold-blooded)
a: End Transformation


You were on level 6 of the Dungeon.
You were a venomous arachnid creature.
You visited 1 branch of the dungeon, and saw 6 of its levels.

You collected 117 gold pieces.

Inventory:

Jewellery
 l - a ring of wizardry (left front leg)
Scrolls
 g - a scroll of teleportation {unknown}
 i - a scroll of magic mapping
 k - a scroll of brand weapon {unknown}
Potions
 b - 2 potions of attraction
 c - a potion of brilliance
 e - a potion of invisibility {unknown}
 f - a potion of heal wounds {unknown}
 h - a potion of haste {unknown}
 j - a potion of flight {unknown}


   Skills:
 - Level 4.0 Fighting
 - Level 1.7 Dodging
 + Level 5.1 Unarmed Combat
 - Level 2.0 Spellcasting
 - Level 5.0 Transmutations


You had 4 spell levels left.
You knew the following spells:

 Your Spells              Type           Power      Damage    Failure   Level
b - Wereblood             Tmut           16%        N/A       5%          2
c - Spider Form           Tmut/Pois      9%         N/A       21%         3

Your spell library contained the following spells:

 Spells                   Type           Power      Damage    Failure   Level
 Beastly Appendage        Tmut           32%        N/A       4%          1
 Corpse Rot               Necr/Air       2%         N/A       26%         2
 Poisonous Vapours        Pois/Air       2%         N/A       26%         2
 Ice Form                 Ice/Tmut       9%         N/A       45%         4


Dungeon Overview and Level Annotations

Branches:
Dungeon (6/15)
 Temple: D:4-7

Altars:
Elyvilon

Annotations:
D:5 Prince Ribbit


Innate Abilities, Weirdness & Mutations

You are a venomous arachnid creature.
You have poisonous fangs.
You are tiny and dextrous.
Your spellcasting is less reliable in this form.
Your armour is entirely melded.
You are incapable of wielding weapons or throwing items.
((Your plain brown scales are hard. (AC +6)))
You cannot fit into any form of body armour.
((You are cold-blooded and may be slowed by cold attacks.))


Message History

You turn into a venomous arachnid creature.
The water moccasin zombie closely misses you.
You hit the water moccasin zombie.
The water moccasin zombie is heavily damaged.
The water moccasin zombie misses you.
You barely miss the water moccasin zombie.
The water moccasin zombie is heavily damaged.
The water moccasin zombie bites you.
You bite the water moccasin zombie!
The water moccasin zombie is severely damaged.
The water moccasin zombie bites you!
* * * LOW HITPOINT WARNING * * *
You hit the water moccasin zombie.
The water moccasin zombie is severely damaged.
The water moccasin zombie bites you.
* * * LOW HITPOINT WARNING * * *
You bite the water moccasin zombie!
The water moccasin zombie is almost destroyed.
The water moccasin zombie closely misses you.
A two-headed ogre comes into view.
It is wielding a +0 dire flail and a +0 giant club.
You hit the water moccasin zombie but do no damage.
The water moccasin zombie is almost destroyed.
Your transformation is almost over.
The sentinel's mark upon you fades away.
The water moccasin zombie bites you.
* * * LOW HITPOINT WARNING * * *
You bite the water moccasin zombie!
You destroy the water moccasin zombie!
Your Unarmed Combat skill increases to level 5!
As you read the scroll labelled DUSSOTWULIPP, it crumbles to dust.
You feel aware of your surroundings.
It was a scroll of magic mapping.
As you read the scroll labelled ORGHIE WAOCEARHO, it crumbles to dust.
You hear a loud clanging noise!
It was a scroll of noise.
As you read the scroll labelled GARALUXORE, it crumbles to dust.
It is a scroll of amnesia.
Forget Beastly Appendage, freeing 1 spell level for a total of 4?
Your memory of Beastly Appendage unravels.
The two-headed ogre hits you with a +0 dire flail!!
You die...

,,,,,,,,,,* *,**,*
,,,,,,,,,,* *,**,*
,,,,.,,,,,* *,**,*
,,,,..,,,,* *,**,*
,,,,...,,,* *,**,*
,,,,....,,* #####
*,**,*
,,,,,....,####...#
*******,**,*
,,,,...#..#......#
*,,,,**,**,*
,,,,............s##
*,,,,**+**,*
,,,,............O<#
*,,,,,,,,,,*
,,,,..[[....#######
*,,,,,,<,***
,,,,........#
***,,,,,,*
,,,,........#
*,,,,,,*
****#...<...#
*,,,,,,* #.......#
******** #.......#
*,,,,,,,********


You could see a two-headed ogre.

Vanquished Creatures
  A sky beast (D:5)
  A scorpion (D:6)
  A water moccasin zombie (D:6)
  A howler monkey (D:6)
  An iguana (D:4)
  Natasha (thrice) (D:2)
  A howler monkey zombie (D:6)
  A howler monkey skeleton (D:3)
  4 adders
  3 worms
  2 dart slugs
  An orc (D:3)
  5 endoplasms
  3 giant cockroaches
  7 goblins
  6 hobgoblins
  5 jackals
  3 kobolds
  4 quokkas
  11 ball pythons
  9 bats
  2 frilled lizards
  7 rats
82 creatures vanquished.

Vanquished Creatures (others)
  2 fungi (D:6)
  A plant (D:3)
3 creatures vanquished.

Grand Total: 85 creatures vanquished

Notes
Turn   | Place    | Note
-------+----------+-------------------------------------------
     0 | D:1      | MisterFreud the Draconian Transmuter began the quest for
                  | the Orb.
     0 | D:1      | Reached XP level 1. HP: 16/16 MP: 3/3
   279 | D:1      | Reached XP level 2. HP: 22/23 MP: 3/5
   282 | D:1      | Learned a level 2 spell: Wereblood
   751 | D:1      | Found a faded altar of an unknown god.
   908 | D:1      | Reached XP level 3. HP: 28/28 MP: 2/6
   912 | D:1      | Learned a level 3 spell: Spider Form
  1301 | D:2      | Noticed Natasha
  1308 | D:2      | Killed Natasha
  1403 | D:2      | Reached XP level 4. HP: 35/35 MP: 7/7
  1672 | D:2      | Noticed Natasha
  1677 | D:2      | Killed Natasha
  1678 | D:2      | Reached skill level 5 in Transmutations
  1931 | D:2      | Noticed Natasha
  1939 | D:2      | Killed Natasha
  1940 | D:2      | Reached XP level 5. HP: 40/41 MP: 4/8
  2697 | D:3      | Found a white marble altar of Elyvilon.
  2848 | D:4      | You fall into a shaft and drop 2 floors!
  2856 | D:5      | Entered Level 5 of the Dungeon
  2856 | D:5      | Noticed a sky beast
  2863 | D:5      | Killed a sky beast
  2864 | D:5      | Reached XP level 6. HP: 43/51 MP: 5/9
  2864 | D:5      | Noticed Prince Ribbit
  2897 | D:6      | Noticed a two-headed ogre
  2900 | D:6      | Reached skill level 5 in Unarmed Combat
  2903 | D:6      | Demolished by a two-headed ogre

Illustrated notes

Levels and vault maps discovered:
D:1:      pf_arrival_petrified_forest, layout_loops_ring,
          basic_ecumenical_altar, minmay_unequal
D:2:      layout_basic, nrook_uturn, st_stairs_7, uniq_natasha
D:3:      layout_rooms, nicolae_elyvilon_temple_path
D:4:      layout_basic
D:5:      layout_basic, hellmonk_ghost_happy_afterlife, kennysheep_boxes,
          uniq_prince_ribbit1
D:6:      layout_basic, serial_aquarium, aquarium_bridge_square
          [aquarium_subvault_bridge, aquarium_subvault_balcony,
          aquarium_subvault_wall, aquarium_subvault_balcony], aquarium_window_1,
          aquarium_window_2, aquarium_view_2a, bh_walls_and_bars

Skill      XL: |  1  2  3  4  5  6 |
---------------+-------------------+-----
Transmutations | 3 4 5 |  5.0
Fighting       | 3 4 |  4.0
Unarmed Combat | 4 5 |  5.1
Dodging        | |  1.7
Spellcasting   | |  2.0

Action                   |  1- 3 |  4- 6 || total
-------------------------+-------+-------++-------
Melee: Unarmed           |    95 |   147 ||   242
       Kick              |    18 |    20 ||    38
       Punch             |     5 |     2 ||     7
       Headbutt          |     4 |    11 ||    15
       Tailslap          |     4 |     8 ||    12
 Cast: Beastly Appendage |    21 |    20 ||    41
       Wereblood         |     1 |       ||     1
       Spider Form       |     1 |     7 ||     8
  Use: Scroll            |     2 |     4 ||     6
 Stab: Sleeping          |     2 |     1 ||     3
Armor: Skin              |    31 |    37 ||    68
Dodge: Dodged            |    54 |   101 ||   155
